 Dungeon Crawl Stone Soup version 0.29-a0-9-g022ca4c890 (webtiles) character file.

Game seed: 4223470691354590437

10297 Ijustatesigmund the Fighter (level 11, -9/76 HPs)
             Began as a Gargoyle Fighter on Jan 28, 2022.
             Was an Initiate of Cheibriados.
             Mangled by a chaos spawn (11 damage)
             ... summoned by a kobold demonologist
             ... on level 11 of the Dungeon.
             The game lasted 00:18:27 (13657 turns).

Ijustatesigmund the Fighter (Gargoyle Fighter)     Turns: 13657, Time: 00:18:29

Health: -9/76      AC: 30    Str: 24    XL:     11   Next: 59%
Magic:  13/13      EV:  9    Int: 11    God:    Cheibriados [......]
Gold:   407        SH:  4    Dex: 10    Spells: 10/10 levels left

rFire   . . .      SeeInvis .   a - +2 broad axe (flame)
rCold   . . .      Faith    .   c - +0 buckler
rNeg    + . .      Spirit   .   b - +3 chain mail
rPois   ∞          Reflect  .   i - +0 helmet
rElec   +          Harm     .   B - +0 cloak
rCorr   +          Rampage  .   (no gloves)
Will    .....                   o - +0 pair of boots
Stlth   ..........              (no amulet)
HPRegen 0.22/turn               g - ring of resist corrosion
MPRegen 0.13/turn               x - +4 ring of protection

@: unable to read, very slow
A: sickness immunity, AC +8, negative energy resistance 1, electricity
resistance, torment resistance 1, petrification resistance, camouflage 1,
inability to read while threatened
a: Renounce Religion


You were on level 11 of the Dungeon.
You worshipped Cheibriados.
Cheibriados was noncommittal.
You visited 2 branches of the dungeon, and saw 12 of its levels.
You also visited: Sewer.

You collected 472 gold pieces.
You spent 65 gold pieces at shops.

Inventory:

Hand Weapons
 a - a +2 broad axe of flaming (weapon)
 w - a +1 flail of draining
Missiles
 v - 5 throwing nets (quivered)
Armour
 b - a +3 chain mail (worn)
 c - a +0 buckler (worn)
 i - a +0 helmet (worn)
 o - a +0 pair of boots (worn)
 B - a +0 cloak (worn)
Jewellery
 g - a ring of resist corrosion (left hand)
 x - a +4 ring of protection (right hand)
 y - a ring of fire
 D - a ring of ice
 E - a +6 ring of strength
 F - a +6 ring of dexterity
Wands
 l - a wand of paralysis (6)
 r - a wand of flame (29)
 t - a wand of polymorph (3)
 u - a wand of mindburst (10)
 C - a wand of iceblast (12)
Scrolls
 h - 5 scrolls of identify
 m - 2 scrolls of teleportation
 q - a scroll of amnesia
 s - 4 scrolls of brand weapon
 A - a scroll of torment
Potions
 d - a potion of might
 e - 2 potions of flight
 f - 4 potions of lignification
 j - 6 potions of brilliance
 k - 4 potions of attraction
 n - 2 potions of magic
 p - a potion of curing
 z - a potion of degeneration {unknown}


   Skills:
 + Level 12.0 Fighting
 + Level 9.7(9.8) Axes
 - Level 2.3(7.1) Maces & Flails
 - Level 9.2 Armour
 + Level 4.1 Dodging
 - Level 3.2 Shields
 + Level 3.3 Invocations


You had 10 spell levels left.
You didn't know any spells.
Your spell library contained the following spells:

 Spells                   Type           Power      Damage    Failure   Level
 Apportation              Tloc           0%         N/A       95%         1
 Sandblast                Erth           0%         2d4       95%         1
 Blink                    Tloc           0%         N/A       98%         2
 Passwall                 Tmut/Erth      0%         N/A       98%         2
 Call Canine Familiar     Summ           0%         N/A       100%        3
 Lesser Beckoning         Tloc           0%         N/A       100%        3
 Portal Projectile        Hex/Tloc       0%         N/A       100%        3
 Leda's Liquefaction      Hex/Erth       0%         N/A       100%        4
 Summon Ice Beast         Ice/Summ       0%         N/A       100%        4
 Alistair's Intoxication  Tmut/Pois      0%         N/A       100%        5
 Lightning Bolt           Conj/Air       0%         1d11      100%        5
 Manifold Assault         Tloc           0%         N/A       100%        5
 Spellforged Servitor     Conj/Summ      0%         N/A       100%        7
 Storm Form               Tmut/Air       0%         N/A       100%        7


Dungeon Overview and Level Annotations

Branches:
Dungeon (11/15)            Temple (1/1) D:7            Lair (0/6) D:8
    Orc (0/2) D:9           Sewer (visited)

Altars:
Ashenzari
Cheibriados
Dithmenos
Elyvilon
Fedhas
Gozag
Hepliaklqana
Kikubaaqudgha
Makhleb
Nemelex Xobeh
Okawaru
Qazlal
Ru
Sif Muna
Trog
Uskayaw
Vehumet
Wu Jian
Xom
Yredelemnul
Zin
The Shining One
Beogh

Shops:
D:2 !   D:3 [   D:6 *

Annotations:
D:3 3 runed translucent doors, fly's ghost, weakling FoDe
D:6 3 runed translucent doors, Jannitor's ghost, novice HOEn
D:8 2 transporters


Innate Abilities, Weirdness & Mutations

You are immune to sickness and miasma.
Your stone body is resilient. (AC +8)
You are immune to poison.
You resist negative energy. (rN+)
You are resistant to electric shocks. (rElec)
You are resistant to unholy torment.
You are immune to petrification.
Your skin changes colour to match your surroundings (Stealth+).
You sometimes lose the ability to read scrolls when taking damage.


Message History

The sun demon barely misses you.
The orange demon stings you but does no damage.
You block the chaos spawn's attack.
The kobold demonologist hits you but does no damage.
You hit the kobold demonologist but do no damage.
The kobold demonologist is severely wounded.
You hit the chaos spawn but do no damage.
You slash the soul eater! You burn the soul eater. You slash the sun demon!
You hit the kobold demonologist. You burn the kobold demonologist.
The sun demon hits you.
You are engulfed in flames!
You feel threatened and lose the ability to read scrolls!
The kobold demonologist looks satisfied for a moment.
The soul eater hits you but does no damage.
The orange demon barely misses you. The chaos spawn gores you.
You are engulfed in flames!
The kobold demonologist hits you but does no damage.
You slash the kobold demonologist! You burn the kobold demonologist.
The kobold demonologist is heavily wounded.
You closely miss the sun demon. You closely miss the soul eater.
You closely miss the chaos spawn.
You closely miss the kobold demonologist.
The sun demon hits you!
* * * LOW HITPOINT WARNING * * *
You are engulfed in flames!!
* * * LOW HITPOINT WARNING * * *
The kobold demonologist casts a cantrip, but nothing happens.
The soul eater closely misses you.
The orange demon stings you but does no damage.
The chaos spawn barely misses you.
The kobold demonologist barely misses you.
The sun demon hits you but does no damage.
You cannot read scrolls in your current state!
Unknown command.
You feel better.
The kobold demonologist closely misses you.
The soul eater hits you but does no damage.
You block the orange demon's attack. The chaos spawn gores you!
* * * LOW HITPOINT WARNING * * *
The chaos spawn freezes you!
You die...

..#### ##.####
......##.....##
..............##
...............#
...............#
.......K.......#
......334......#
.....ZK@.......#
.....4K........#
..............##
......#....<.##
...#####...###
.. ##... .
...... .##..?##
# .....


You could see a soul eater (summoned), a sun demon (summoned), an orange demon
(summoned), 2 kobold demonologists, a chaos spawn (summoned), a kobold brigand
and a centaur warrior zombie.

Vanquished Creatures
  Harold (D:8)
  2 deep elf zephyrmancers (D:10)
  Pikel (D:5)
  A gargoyle (D:10)
  A kobold demonologist (D:11)
  2 hornets
  4 trolls
  Grinder (D:5)
  Prince Ribbit (D:5)
  A vampire (D:10)
  4 yaks (D:10)
  A wraith (D:10)
  A steam dragon (D:7)
  2 water moccasins
  11 orc warriors
  A necrophage (D:4)
  2 wolves (D:8)
  2 ogres (D:6)
  4 centaurs
  A phantom (D:5)
  A lemure (D:5)
  4 gnoll sergeants
  5 kobold brigands
  Blork the orc (D:5)
  5 bullfrogs
  3 scorpions
  A wyvern skeleton (D:7)
  A water moccasin skeleton (D:5)
  4 wights (D:9)
  2 howler monkeys (D:8)
  A bullfrog zombie (D:5)
  7 hounds
  A jelly (D:4)
  2 bullfrog skeletons
  3 centaur zombies
  5 orc priests
  2 gnoll shamans
  Ijyb (D:5)
  Jessica (D:2)
  Terence (D:2)
  3 orc wizards
  2 howler monkey zombies
  5 adders
  34 gnolls
  6 river rats (Sewer)
  A shadow imp (D:5)
  3 ufetubi
  An adder skeleton (D:4)
  2 worms
  31 orcs
  5 endoplasms
  5 giant cockroaches
  5 goblins
  A hobgoblin (D:3)
  10 jackals
  3 quokkas
  6 ball pythons
  3 bats
  2 frilled lizards (D:2)
  32 kobolds
  24 rats
279 creatures vanquished.

Vanquished Creatures (others)
  2 fungi (D:3)
  12 plants
14 creatures vanquished.

Grand Total: 293 creatures vanquished

Notes
Turn   | Place    | Note
-------+----------+-------------------------------------------
     0 | D:1      | Ijustatesigmund the Gargoyle Fighter began the quest for
                  | the Orb.
     0 | D:1      | Reached XP level 1. HP: 14/14 MP: 1/1
   212 | D:1      | Reached XP level 2. HP: 19/19 MP: 2/2
  1030 | D:2      | Reached skill level 1 in Axes
  1084 | D:2      | Reached XP level 3. HP: 24/24 MP: 3/3
  1103 | D:2      | Reached skill level 4 in Fighting
  1205 | D:2      | Found Caggaj's Distillery.
  1213 | D:2      | Bought a potion of heal wounds for 65 gold pieces
  1323 | D:2      | Noticed Terence
  1340 | D:2      | Killed Terence
  1393 | D:2      | Noticed Jessica
  1396 | D:2      | Killed Jessica
  1397 | D:2      | Reached XP level 4. HP: 28/30 MP: 4/4
  1564 | D:2      | Found a faded altar of an unknown god.
  2290 | D:3      | Found a runed translucent gate.
  2290 | D:3      | Found a runed translucent gate.
  2290 | D:3      | Found a runed translucent gate.
  2291 | D:3      | Noticed fly's ghost (weakling FoDe)
  2291 | D:3      | Noticed a kobold brigand
  2408 | D:3      | Found Seyxt's Armour Emporium.
  2414 | D:3      | Gained mutation: You sometimes lose the ability to read
                  | scrolls when taking damage. [potion of mutation]
  2414 | D:3      | Gained mutation: Your skin changes colour to match your
                  | surroundings (Stealth+). [potion of mutation]
  2638 | D:4      | Found a glowing drain.
  2649 | Sewer    | Entered a sewer
  2661 | Sewer    | Reached XP level 5. HP: 34/34 MP: 5/5
  2666 | Sewer    | Reached skill level 5 in Fighting
  3028 | Sewer    | Noticed a kobold brigand
  3039 | Sewer    | Killed a kobold brigand
  3040 | Sewer    | Reached XP level 6. HP: 27/40 MP: 6/6
  3648 | D:4      | Noticed a necrophage
  3652 | D:4      | Reached skill level 6 in Fighting
  3663 | D:4      | Killed a necrophage
  3823 | D:4      | Reached XP level 7. HP: 46/47 MP: 7/7
  4408 | D:5      | Entered Level 5 of the Dungeon
  4424 | D:5      | Noticed Blork the orc
  4433 | D:5      | Killed Blork the orc
  4544 | D:5      | Noticed Grinder
  4558 | D:5      | Paralysed by Grinder for 4 turns
  4566 | D:5      | Killed Grinder
  4567 | D:5      | Reached skill level 7 in Fighting
  4657 | D:5      | Noticed Prince Ribbit
  4753 | D:6      | Reached skill level 5 in Axes
  4753 | D:6      | Reached XP level 8. HP: 11/53 MP: 8/8
  5016 | D:5      | Killed Prince Ribbit
  5017 | D:5      | Reached skill level 5 in Armour
  5420 | D:5      | Noticed Ijyb
  5431 | D:5      | Paralysed by Ijyb for 5 turns
  5439 | D:5      | Reached skill level 8 in Fighting
  5446 | D:5      | Paralysed by Ijyb for 6 turns
  5452 | D:5      | Killed Ijyb
  5776 | D:5      | Noticed Pikel
  5789 | D:5      | Killed Pikel
  5790 | D:5      | Reached XP level 9. HP: 60/60 MP: 9/9
  6049 | D:6      | Noticed a troll
  6062 | D:6      | Killed a troll
  6069 | D:6      | Reached skill level 9 in Fighting
  6627 | D:8      | Found a hazy altar of Hepliaklqana.
  6630 | D:8      | HP: 3/60 [orc priest/divine providence (16)]
  6803 | D:8      | Noticed a skeletal warrior
  6803 | D:8      | Noticed a centaur warrior
  6804 | D:8      | Noticed a troll
  6804 | D:8      | Noticed Harold
  6805 | D:8      | Found a transporter.
  6819 | D:8      | Killed Harold
  6820 | D:8      | Reached XP level 10. HP: 19/68 MP: 10/10
  6841 | D:7      | Reached skill level 10 in Fighting
  7413 | D:8      | Found a staircase to the Lair.
  8272 | D:8      | Found a transporter.
  8920 | D:7      | Found a staircase to the Ecumenical Temple.
  9103 | D:6      | Noticed Jannitor's ghost (novice HOEn)
  9106 | D:6      | Found a runed translucent gate.
  9106 | D:6      | Found a runed translucent gate.
  9106 | D:6      | Found a runed translucent gate.
  9165 | D:6      | Found Sutaidd's General Store.
  9340 | D:6      | Reached skill level 1 in Dodging
 10236 | D:9      | Reached skill level 11 in Fighting
 10442 | D:10     | Entered Level 10 of the Dungeon
 10837 | D:10     | Reached XP level 11. HP: 41/74 MP: 11/11
 11014 | D:9      | Found a staircase to the Orcish Mines.
 11640 | Temple   | Entered the Ecumenical Temple
 11931 | Temple   | Became a worshipper of Cheibriados the Contemplative
 12057 | D:10     | Found the +6 shillelagh "Devastator" {shatter}
 12075 | D:10     | Noticed a wizard
 12082 | D:10     | Noticed a deep elf zephyrmancer
 12084 | D:10     | Noticed a deep elf zephyrmancer
 12086 | D:10     | Killed a deep elf zephyrmancer
 12087 | D:10     | Reached skill level 1 in Invocations
 12107 | D:10     | Noticed a deep elf zephyrmancer
 12122 | D:10     | Killed a deep elf zephyrmancer
 12133 | D:10     | Got Toan's Volume of Dhcmrlchtdj
 12396 | D:10     | Got Sif Muna's Compendium of Plaster Cramp
 13040 | D:10     | Got the Volume of Combed Thunderclap
 13644 | D:11     | Reached skill level 12 in Fighting
 13650 | D:11     | Noticed a soul eater
 13653 | D:11     | Noticed a sun demon
 13656 | D:11     | HP: 2/76 [sun demon[a kobold demonologist] (18)]
 13657 | D:11     | Mangled by a chaos spawn

Illustrated notes

Levels and vault maps discovered:
D:1:      saegor_arrival_simple_d, layout_loops_ring, minivault_27
D:2:      layout_basic, serial_shops, shop, dilly_ecumenical_altar_fadedgnrine,
          uniq_jessica, uniq_terence
D:3:      layout_basic, serial_shops, shop, gammafunk_ghost_nasty_kobolds
D:4:      layout_loops_corners, portal_sewer_entry_a
D:5:      layout_rooms, chequers_serial_rivers_marsh, minmay_increasing_density,
          uniq_grinder, uniq_prince_ribbit1, uniq_ijyb, uniq_pikel,
          uniq_blork_the_orc
D:6:      layout_rooms, gammafunk_ghost_split, serial_shops, shop_fountains
D:7:      layout_cave_pools, minmay_temple_entry_statues_fountains
D:8:      layout_basic, gammafunk_temple_overflow_arena, erik_lair_island,
          enter_bailey_3, hangedman_decor_points,
          minmay_misc_feat_secret_circle, nicolae_zen_rock_garden, uniq_harold
D:9:      layout_basic, david_orc_5
D:10:     layout_stronghold, minivault_26, bh_hangedman_babel_library
D:11:     layout_rooms
Temple:   roderic_octagonal_lattice_temple

Skill      XL: |  1  2  3  4  5  6  7  8  9 10 11 |
---------------+----------------------------------+-----
Axes           | 1 2 3 4 5 6 7 9 |  9.7
Fighting       | 4 5 6 7 8 9 11 12 | 12.0
Armour         | 4 6 8 9 |  9.2
Dodging        | 2 4 |  4.1
Invocations    | 3 |  3.3
Maces & Flails | |  2.3
Shields        | |  3.2

Action                   |  1- 3 |  4- 6 |  7- 9 | 10-12 || total
-------------------------+-------+-------+-------+-------++-------
Melee: Flail             |    15 |       |       |       ||    15
       Broad axe         |    69 |   115 |   205 |   360 ||   749
  Use: Scroll            |     5 |     1 |     6 |     6 ||    18
       Potion            |     1 |     1 |     5 |     4 ||    11
Armor: Scale mail        |    51 |    95 |   193 |   243 ||   582
       Chain mail        |       |       |       |    54 ||    54
Dodge: Dodged            |    53 |    70 |   136 |   244 ||   503
Block: Buckler           |    15 |    32 |    42 |    96 ||   185

Table legend: (Time is in decaauts)
 A = Elapsed time spent in this place.
 B = Non-inter-level travel time spent in this place.
 C = Inter-level travel time spent in this place.
 D = Time resting spent in this place.
 E = Time spent auto-exploring this place.
 F = Levels seen in this place.
 G = Mean time per level.
                   A        B        C        D        E       F      G
               +--------+--------+--------+--------+--------+-----+--------+
         Total |  14202 |  13611 |    591 |   2409 |   9129 |  13 | 1092.5 |
       Dungeon |  12890 |  12342 |    548 |   2177 |   8289 |  11 | 1171.8 |
        Temple |    311 |    268 |     43 |      0 |    246 |   1 |  311.0 |
         Sewer |    999 |    999 |      0 |    232 |    594 |   1 |  999.0 |
               +--------+--------+--------+--------+--------+-----+--------+

Top non-repeatable levels by time:
    D:10: 2344 daAuts
     D:8: 2147 daAuts
     D:5: 1717 daAuts
     D:9: 1308 daAuts
     D:2: 1097 daAuts
   Sewer: 999 daAuts
     D:7: 938 daAuts
     D:4: 890 daAuts
     D:6: 880 daAuts
     D:1: 823 daAuts
     D:3: 712 daAuts
  Temple: 311 daAuts
    D:11: 29 daAuts
